1800 views
Uploaded 2023-04-07 03:24:24
Game version 1.35 (6115)
18:16 long 2on2 ladder game on (4)Synergy_S2
Saved by GIGA
1800 views
Uploaded 2023-04-07 03:24:24
Game version 1.35 (6115)
18:16 long 2on2 ladder game on (4)Synergy_S2


61 units @ 8.6k
/ 1.5k
30 buildings @ 4.9k
/ 1.8k



| Healing Salve | 4 | 400 |
| Lesser Clarity Potion | 5 | 350 |
| Scroll of Speed | 1 | 50 |
| Orb of Lightning | 1 | 375 |
| Potion of Healing | 1 | 150 |
| Dust of Appearance | 2 | 150 |
| Scroll of Town Portal | 1 | 350 |
| Circlet of Nobility | 1 | 175 |
| Boots of Speed | 1 | 250 |
| Potion of Lesser Invulnerability | 1 | 150 |
| total: | 18 | 2400g |
| Peon | 8 | 600 | / | 0 |
| Shaman | 5 | 650 | / | 100 |
| Tauren | 4 | 1120 | / | 320 |
| Troll Witch Doctor | 1 | 145 | / | 25 |
| Troll Batrider | 3 | 480 | / | 120 |
| total: | 21 | 2995g | / | 565w |
| Altar of Storms | 1 | 180 | / | 50 |
| Orc Burrow | 6 | 960 | / | 240 |
| Voodoo Lounge | 1 | 130 | / | 30 |
| War Mill | 1 | 205 | / | 0 |
| Spirit Lodge | 1 | 150 | / | 150 |
| Tauren Totem | 1 | 135 | / | 155 |
| Beastiary | 1 | 145 | / | 140 |
| Stronghold | 1 | 315 | / | 190 |
| Fortress | 1 | 325 | / | 190 |
| total: | 12 | 1905g | / | 765w |
| 0:02 | Peon |
| 0:02 | Peon |
| 0:06 | Altar of Storms |
| 0:18 | Orc Burrow |
| 0:21 | Peon |
| 0:39 | Peon |
| 0:39 | Peon |
| 0:50 | Voodoo Lounge |
| 1:02 | Peon |
| 1:02 | Peon |
| 1:33 | Peon |
| 2:04 | Healing Salve |
| 2:04 | Lesser Clarity Potion |
| 2:08 | Wind Walk |
| 2:10 | Stronghold |
| 2:19 | War Mill |
| 2:23 | Circlet of Nobility |
| 2:23 | Dust of Appearance |
| 3:19 | Orc Burrow |
| 3:29 | Dust of Appearance |
| 3:40 | Boots of Speed |
| 4:44 | Spirit Lodge |
| 4:47 | Fortress |
| 5:00 | Tauren Totem |
| 5:39 | Healing Salve |
| 5:39 | Lesser Clarity Potion |
| 5:40 | Scroll of Speed |
| 5:41 | Hex |
| 5:58 | Shaman |
| 5:59 | Shaman Adept Training |
| 6:01 | Orc Burrow |
| 6:17 | Steel Armor |
| 6:25 | Critical Strike |
| 7:16 | Tauren |
| 7:33 | Shaman Master Training |
| 7:38 | Orc Burrow |
| 7:48 | Orb of Lightning |
| 8:08 | Steel Melee Weapons |
| 8:09 | Shaman |
| 8:20 | War Stomp |
| 8:33 | Tauren |
| 8:43 | Healing Wave |
| 8:53 | Shaman |
| 8:56 | Healing Salve |
| 9:36 | Wind Walk |
| 9:47 | Tauren |
| 9:49 | Thorium Armor |
| 10:07 | Endurance Aura |
| 10:14 | Orc Burrow |
| 11:29 | Shaman |
| 12:05 | Pulverize |
| 12:06 | Thorium Melee Weapons |
| 12:40 | Lesser Clarity Potion |
| 12:43 | Lesser Clarity Potion |
| 12:44 | Healing Salve |
| 13:02 | Potion of Lesser Invulnerability |
| 13:07 | Endurance Aura |
| 13:34 | Lesser Clarity Potion |
| 13:35 | Potion of Healing |
| 13:36 | Scroll of Town Portal |
| 13:43 | Beastiary |
| 13:45 | Orc Burrow |
| 13:48 | Arcanite Melee Weapons |
| 14:20 | Shaman |
| 14:21 | Troll Witch Doctor |
| 14:22 | Witch Doctor Adept Training |
| 14:44 | Tauren |
| 14:57 | Troll Batrider |
| 15:57 | Healing Wave |
| 16:02 | Troll Batrider |
| 16:03 | Troll Batrider |
| 16:08 | Critical Strike |
| 16:51 | Witch Doctor Master Training |
| Select group | 1538 |
| Right click | 1102 |
| Select | 208 |
| Misc. action | 120 |
| Build/train/purchase | 106 |
| Assign group | 51 |
| Use ability | 33 |
| Item give/drop | 14 |
| Minimap ping | 4 |
| Esc | 1 |



| Lesser Clarity Potion | 2 | 140 |
| Healing Salve | 1 | 100 |
| Potion of Healing | 1 | 150 |
| Scroll of Town Portal | 1 | 350 |
| Potion of Lesser Invulnerability | 1 | 150 |
| total: | 6 | 890g |
| Peon | 18 | 1350 | / | 0 |
| Troll Headhunter | 8 | 1120 | / | 160 |
| Wind Rider | 3 | 795 | / | 120 |
| Demolisher | 7 | 1540 | / | 350 |
| Troll Berserker | 1 | 140 | / | 20 |
| Goblin Sapper | 3 | 645 | / | 300 |
| total: | 40 | 5590g | / | 950w |
| Watch Tower | 3 | 330 | / | 240 |
| Altar of Storms | 1 | 180 | / | 50 |
| Orc Burrow | 7 | 1120 | / | 280 |
| War Mill | 1 | 205 | / | 0 |
| Barracks | 2 | 360 | / | 100 |
| Voodoo Lounge | 2 | 260 | / | 60 |
| Great Hall | 1 | 385 | / | 185 |
| Beastiary | 1 | 145 | / | 140 |
| Stronghold | 1 | 315 | / | 190 |
| Fortress | 1 | 325 | / | 190 |
| total: | 18 | 2985g | / | 1055w |
| 0:02 | Peon |
| 0:02 | Peon |
| 0:02 | Peon |
| 0:07 | Altar of Storms |
| 0:18 | Orc Burrow |
| 0:47 | Peon |
| 0:49 | War Mill |
| 1:03 | Barracks |
| 1:09 | Peon |
| 1:28 | Peon |
| 1:42 | Orc Burrow |
| 1:55 | Peon |
| 2:06 | Troll Headhunter |
| 2:08 | Feral Spirit |
| 2:12 | Lesser Clarity Potion |
| 2:19 | Troll Headhunter |
| 2:53 | Stronghold |
| 3:17 | Troll Headhunter |
| 3:45 | Orc Burrow |
| 3:53 | Troll Headhunter |
| 4:26 | Chain Lighting |
| 4:33 | Orc Burrow |
| 4:36 | Troll Headhunter |
| 5:41 | Feral Spirit |
| 5:47 | Reinforced Defenses |
| 5:49 | Beastiary |
| 5:52 | Healing Salve |
| 5:52 | Lesser Clarity Potion |
| 5:58 | Potion of Healing |
| 6:04 | Voodoo Lounge |
| 6:18 | Endurance Aura |
| 6:31 | Fortress |
| 7:10 | Wind Rider |
| 7:11 | Troll Headhunter |
| 7:38 | Wind Rider |
| 7:59 | War Stomp |
| 8:08 | Steel Ranged Weapons |
| 8:29 | Troll Headhunter |
| 8:40 | Wind Rider |
| 8:51 | Backpack |
| 8:54 | Orc Burrow |
| 8:55 | Envenomed Spears |
| 8:56 | Orc Burrow |
| 9:25 | Berserker Upgrade |
| 9:39 | Chain Lighting |
| 10:02 | Endurance Aura |
| 10:05 | Troll Headhunter |
| 10:27 | Scroll of Town Portal |
| 10:30 | Potion of Lesser Invulnerability |
| 10:43 | Healing Wave |
| 11:14 | Burning Oil |
| 11:39 | Great Hall |
| 11:43 | Watch Tower |
| 11:43 | Watch Tower |
| 11:44 | Peon |
| 11:44 | Peon |
| 11:44 | Peon |
| 12:22 | Peon |
| 12:26 | Peon |
| 12:27 | Peon |
| 12:38 | Orc Burrow |
| 12:54 | Demolisher |
| 13:15 | Watch Tower |
| 13:26 | Voodoo Lounge |
| 14:01 | Demolisher |
| 14:04 | Peon |
| 14:04 | Peon |
| 14:23 | Demolisher |
| 14:59 | Demolisher |
| 15:01 | Barracks |
| 16:24 | Hex |
| 16:29 | Troll Berserker |
| 16:29 | Demolisher |
| 16:55 | Peon |
| 16:55 | Peon |
| 16:55 | Peon |
| 17:04 | War Stomp |
| 17:10 | Goblin Sapper |
| 17:11 | Goblin Sapper |
| 17:11 | Goblin Sapper |
| 17:56 | Demolisher |
| 17:56 | Demolisher |
| Select group | 1010 |
| Right click | 957 |
| Select | 471 |
| Build/train/purchase | 102 |
| Assign group | 96 |
| Misc. action | 95 |
| Use ability | 30 |
| Item give/drop | 4 |
| Esc | 3 |
| Minimap ping | 2 |
56 units @ 6.5k
/ 0.8k
61 buildings @ 4.1k
/ 1.8k


| Dust of Appearance | 2 | 150 |
| total: | 2 | 150g |
| Peasant | 10 | 750 | / | 0 |
| Footman | 7 | 945 | / | 0 |
| Rifleman | 3 | 615 | / | 90 |
| Flying Machine | 7 | 700 | / | 210 |
| Mortar Team | 2 | 360 | / | 140 |
| total: | 29 | 3370g | / | 440w |
| Scout Tower | 16 | 480 | / | 320 |
| Arcane Tower | 2 | 140 | / | 100 |
| Guard Tower | 8 | 560 | / | 400 |
| Altar of Kings | 1 | 180 | / | 50 |
| Farm | 8 | 640 | / | 160 |
| Barracks | 1 | 160 | / | 60 |
| Blacksmith | 1 | 140 | / | 60 |
| Lumber Mill | 1 | 120 | / | 0 |
| Workshop | 2 | 280 | / | 280 |
| Keep | 1 | 320 | / | 210 |
| Castle | 1 | 360 | / | 210 |
| total: | 30 | 2000g | / | 930w |
| 0:02 | Peasant |
| 0:02 | Peasant |
| 0:05 | Altar of Kings |
| 0:09 | Farm |
| 0:19 | Barracks |
| 0:28 | Peasant |
| 0:44 | Peasant |
| 0:48 | Farm |
| 1:03 | Peasant |
| 1:05 | Peasant |
| 1:21 | Footman |
| 1:33 | Footman |
| 1:39 | Peasant |
| 1:42 | Scout Tower |
| 1:55 | Footman |
| 2:01 | Farm |
| 2:03 | Footman |
| 2:12 | Storm Bolt |
| 2:17 | Arcane Tower |
| 2:20 | Peasant |
| 3:20 | Footman |
| 3:20 | Footman |
| 3:22 | Keep |
| 4:01 | Dust of Appearance |
| 4:14 | Footman |
| 4:18 | Blacksmith |
| 5:00 | Scout Tower |
| 5:01 | Scout Tower |
| 5:02 | Scout Tower |
| 5:02 | Scout Tower |
| 5:55 | Arcane Tower |
| 6:02 | Lumber Mill |
| 6:11 | Peasant |
| 6:11 | Peasant |
| 6:43 | Black Gunpowder |
| 7:01 | Bash |
| 7:05 | Guard Tower |
| 7:23 | Castle |
| 7:40 | Holy Light |
| 8:09 | Refined Gunpowder |
| 8:18 | Scout Tower |
| 8:18 | Scout Tower |
| 8:56 | Guard Tower |
| 8:59 | Workshop |
| 9:00 | Workshop |
| 9:15 | Dust of Appearance |
| 9:18 | Divine Shield |
| 9:44 | Scout Tower |
| 9:45 | Scout Tower |
| 9:46 | Improved Masonry |
| 9:57 | Farm |
| 9:59 | Farm |
| 10:05 | Storm Bolt |
| 10:16 | Guard Tower |
| 11:21 | Rifleman |
| 11:21 | Rifleman |
| 11:23 | Flying Machine |
| 11:43 | Scout Tower |
| 11:44 | Scout Tower |
| 12:05 | Flying Machine Bombs |
| 12:06 | Flak Cannons |
| 12:23 | Guard Tower |
| 12:27 | Scout Tower |
| 12:30 | Scout Tower |
| 12:50 | Rifleman |
| 12:51 | Flying Machine |
| 12:51 | Flying Machine |
| 12:55 | Guard Tower |
| 12:56 | Advanced Masonry |
| 13:13 | Scout Tower |
| 13:16 | Scout Tower |
| 13:17 | Flying Machine |
| 13:28 | Guard Tower |
| 13:53 | Flying Machine |
| 13:55 | Farm |
| 13:57 | Guard Tower |
| 13:58 | Farm |
| 14:48 | Imbued Masonry |
| 14:53 | Scout Tower |
| 14:59 | Flying Machine |
| 15:00 | Flying Machine |
| 16:10 | Mortar Team |
| 16:12 | Mortar Team |
| 16:15 | Guard Tower |
| 16:18 | Farm |
| Right click | 1188 |
| Select | 281 |
| Select group | 189 |
| Build/train/purchase | 64 |
| Assign group | 20 |
| Chat | 17 |
| Use ability | 16 |
| Misc. action | 10 |
| Minimap ping | 8 |
| Esc | 2 |
DudeWhy
(236)
(18:11) : 

| Mechanical Critter | 2 | 100 |
| total: | 2 | 100g |
| Peasant | 14 | 1050 | / | 0 |
| Footman | 8 | 1080 | / | 0 |
| Knight | 1 | 245 | / | 60 |
| Mortar Team | 4 | 720 | / | 280 |
| total: | 27 | 3095g | / | 340w |
| Scout Tower | 17 | 510 | / | 340 |
| Arcane Tower | 2 | 140 | / | 100 |
| Guard Tower | 10 | 700 | / | 500 |
| Barracks | 1 | 160 | / | 60 |
| Altar of Kings | 1 | 180 | / | 50 |
| Farm | 6 | 480 | / | 120 |
| Lumber Mill | 1 | 120 | / | 0 |
| Arcane Vault | 2 | 260 | / | 60 |
| Blacksmith | 2 | 280 | / | 120 |
| Workshop | 1 | 140 | / | 140 |
| Keep | 1 | 320 | / | 210 |
| Castle | 1 | 360 | / | 210 |
| total: | 31 | 2130g | / | 890w |
| 0:01 | Peasant |
| 0:05 | Peasant |
| 0:16 | Barracks |
| 0:18 | Altar of Kings |
| 0:19 | Peasant |
| 0:33 | Farm |
| 0:34 | Peasant |
| 0:47 | Peasant |
| 1:06 | Peasant |
| 1:10 | Farm |
| 1:20 | Footman |
| 1:22 | Peasant |
| 1:38 | Farm |
| 1:41 | Peasant |
| 1:44 | Footman |
| 1:56 | Lumber Mill |
| 1:59 | Scout Tower |
| 2:17 | Storm Bolt |
| 2:21 | Footman |
| 3:01 | Arcane Tower |
| 3:19 | Footman |
| 3:59 | Keep |
| 4:01 | Scout Tower |
| 4:01 | Scout Tower |
| 4:04 | Footman |
| 4:04 | Footman |
| 4:45 | Guard Tower |
| 4:47 | Footman |
| 5:06 | Scout Tower |
| 5:06 | Scout Tower |
| 5:07 | Scout Tower |
| 5:09 | Footman |
| 5:15 | Improved Lumber Harvesting |
| 5:53 | Guard Tower |
| 5:59 | Scout Tower |
| 6:05 | Guard Tower |
| 6:08 | Scout Tower |
| 6:08 | Scout Tower |
| 6:12 | Arcane Vault |
| 6:20 | Defend |
| 6:39 | Arcane Vault |
| 6:41 | Arcane Tower |
| 7:00 | Guard Tower |
| 7:07 | Bash |
| 7:21 | Holy Light |
| 7:45 | Castle |
| 7:54 | Scout Tower |
| 7:55 | Scout Tower |
| 8:21 | Mechanical Critter |
| 8:21 | Mechanical Critter |
| 8:32 | Guard Tower |
| 8:35 | Scout Tower |
| 9:24 | Guard Tower |
| 9:25 | Scout Tower |
| 9:26 | Scout Tower |
| 9:27 | Scout Tower |
| 9:31 | Divine Shield |
| 9:37 | Blacksmith |
| 9:38 | Blacksmith |
| 10:02 | Advanced Lumber Harvesting |
| 10:07 | Guard Tower |
| 10:29 | Storm Bolt |
| 10:35 | Guard Tower |
| 11:53 | Knight |
| 11:55 | Workshop |
| 12:01 | Black Gunpowder |
| 12:10 | Scout Tower |
| 12:11 | Scout Tower |
| 12:24 | Peasant |
| 12:25 | Peasant |
| 12:25 | Peasant |
| 12:25 | Peasant |
| 12:30 | Guard Tower |
| 12:58 | Farm |
| 13:18 | Peasant |
| 13:20 | Farm |
| 14:02 | Peasant |
| 14:03 | Farm |
| 14:05 | Guard Tower |
| 14:59 | Flare |
| 14:59 | Fragmentation Shards |
| 15:00 | Mortar Team |
| 15:58 | Mortar Team |
| 16:55 | Mortar Team |
| 16:55 | Mortar Team |
| Right click | 943 |
| Select | 274 |
| Select group | 259 |
| Misc. action | 99 |
| Build/train/purchase | 63 |
| Resource trade | 37 |
| Use ability | 28 |
| Assign group | 19 |
| Minimap ping | 3 |
| Remove unit | 2 |
| Esc | 1 |
โ